 Dungeon Crawl Stone Soup version 0.19-a0-1899-g2d93087 (webtiles) character file.

2155 PurpleRed the Cleaver (level 9, -6/82 HPs)
             Began as a Minotaur Fighter on Oct 19, 2016.
             Was a Follower of Makhleb.
             Killed from afar by an electric eel (8 damage)
             ... with a bolt of electricity
             ... on level 9 of the Dungeon.
             The game lasted 00:07:53 (3811 turns).

PurpleRed the Cleaver (Minotaur Fighter)            Turns: 3811, Time: 00:07:53

Health: -6/82      AC: 16    Str: 22 (24) XL:     9   Next: 10%
Magic:  8/8        EV:  9    Int: 13 (16) God:    Makhleb [*.....]
Gold:   257        SH:  9    Dex: 13 (15) Spells: 0 memorised, 8 levels left

rFire  + . .     SeeInvis .     a - +1 war axe
rCold  x . .     Gourm    .     B - +0 plate armour
rNeg   . . .     Faith    .     c - +0 shield
rPois  .         Spirit   .     (helmet restricted)
rElec  .         Reflect  .     y - +1 cloak
rCorr  .         Harm     .     v - +0 pair of gloves
MR     .....                    (no boots)
Stlth  ..........               (no amulet)
                                H - ring of the Coward {Fire Str-5 Int+8 Slay+2}
                                z - +3 ring of intelligence

@: mighty, agile
A: retaliatory headbutt, horns 2
a: Renounce Religion


You were on level 9 of the Dungeon.
You worshipped Makhleb.
Makhleb was aware of your devotion.
You were not hungry.

You visited 2 branches of the dungeon, and saw 10 of its levels.

You collected 257 gold pieces.

Inventory:

Hand Weapons
 a - a +1 war axe (weapon)
Armour
 c - a +0 shield (worn)
 v - a +0 pair of gloves (worn)
 y - a +1 cloak (worn)
 B - a +0 plate armour (worn)
Jewellery
 z - a +3 ring of intelligence (left hand)
 C - an uncursed ring of protection from cold
 H - the ring of the Coward (right hand) {Fire Str-5 Int+8 Slay+2}
   (You found it on level 5 of the Dungeon)

   [ring of fire]

   It enhances your fire magic.
   It affects your strength (-5).
   It affects your intelligence (+8).
   It affects your accuracy and damage with ranged weapons and melee attacks
   (+2).
   It protects you from fire.
   It makes you vulnerable to cold.
Wands
 n - a wand of digging (13/24)
 q - a wand of digging (5/24)
 A - a wand of digging (24/24)
Scrolls
 l - 3 scrolls of identify {unknown}
 m - 2 scrolls of teleportation
 p - a scroll of enchant armour
 D - 4 scrolls of remove curse
 F - a scroll of enchant weapon
 I - a scroll of fog {unknown}
 J - a scroll of fear
Potions
 b - a potion of agility
 e - a potion of lignification {unknown}
 g - a potion of beneficial mutation {unknown}
 h - a potion of heal wounds {unknown}
 j - 2 potions of cancellation {unknown}
 k - 2 potions of resistance {unknown}
 r - 3 potions of degeneration
 t - a potion of magic {unknown}
 u - a potion of cure mutation {unknown}
 x - 2 potions of brilliance {unknown}
 E - a potion of flight {unknown}
Books
 G - a book of Frost

   Spells                             Type                      Level
   a - Freeze                         Ice                          1
   b - Throw Frost                    Conjuration/Ice              2
   c - Ozocubu's Armour               Charms/Ice                   3
   d - Throw Icicle                   Conjuration/Ice              4
   e - Summon Ice Beast               Ice/Summoning                4
Comestibles
 f - 4 bread rations
 i - 3 meat rations
 o - 2 royal jellies
 s - 7 fruits
 w - 3 beef jerkies
 K - 2 chunks of flesh


   Skills:
 + Level 8.4 Fighting
 * Level 10.7 Axes
 + Level 7.1 Armour
 - Level 3.6 Shields


You had 8 spell levels left.
You didn't know any spells.

Dungeon Overview and Level Annotations

Branches:
Dungeon (9/15)             Temple (1/1) D:4
   Lair: D:8-11         Orc: D:9-12

Altars:
Ashenzari
Cheibriados
Dithmenos
Elyvilon
Fedhas
Gozag
Hepliaklqana
Kikubaaqudgha
Makhleb
Nemelex Xobeh
Okawaru
Qazlal
Ru
Sif Muna
Trog
Uskayaw
Vehumet
Xom
Yredelemnul
Zin
The Shining One

Shops:
D:2 *   D:7 %


Innate Abilities, Weirdness & Mutations

You reflexively headbutt those who attack you in melee.
You have a pair of horns on your head.


Message History

* * * LOW HITPOINT WARNING * * *
You feel very mighty all of a sudden.
You closely miss the electric eel.
The electric eel shoots out a bolt of lightning at you!
The bolt of electricity hits you!
* * * LOW HITPOINT WARNING * * *
You slash the electric eel!
You kill the electric eel!
Makhleb accepts your kill.
It was a potion of degeneration.
There was something very wrong with that liquid.
You feel weakened.
You feel dopey.
You feel clumsy.
The electric eel shoots out a bolt of lightning at you!
The bolt of electricity hits you!
* * * LOW HITPOINT WARNING * * *
It was a potion of agility.
You feel agile all of a sudden.
The electric eel shoots out a bolt of lightning at you!
The bolt of electricity hits you!
You die...

#.# #.# [≈....≈≈≈≈≈≈≈≈≈
#.# ≈.≈.≈≈≈≈≈≈≈≈≈≈≈≈ #.#
≈≈.≈.≈≈≈≈≈≈≈≈≈≈≈≈
..####≈≈≈.≈.≈≈≈≈........
>...........≈≈≈≈.≈≈≈≈≈≈≈
.#####≈≈≈.≈.≈≈≈≈.≈≈≈≈≈≈.
.#....≈≈≈.≈≈≈≈≈≈.≈≈≈≈≈≈.
........≈.......@≈;≈≈≈≈.
.#....≈.≈≈≈≈≈≈.≈≈≈≈≈≈≈≈.
......≈.≈≈≈≈≈≈.≈≈≈≈≈≈≈≈.
......#....###.########.
...........###..########
..####..................
..# #........#.#.......
..# #..#.............#.
..# #...#....#.#....#..


You could see an electric eel.

Vanquished Creatures
  Psyche (D:8)
  Maurice (D:8)
  The ghost of moogleknight the Cudgeler, an amateur OgAM (D:3)
  2 ice beasts
  A sky beast (D:5)
  4 ogres
  Blork the orc (D:5)
  3 bullfrogs
  An electric eel (D:9)
  A bullfrog skeleton (D:5)
  A jelly (D:4)
  2 orc wizards (D:5)
  A centaur skeleton (D:4)
  Natasha (twice) (D:3)
  4 worker ants
  A howler monkey zombie (D:5)
  A howler monkey skeleton (D:5)
  5 adders
  2 shadow imps
  An ooze (D:2)
  2 adder skeletons
  2 worms
  4 leopard geckos
  3 orcs
  8 bats
  6 giant cockroaches
  9 goblins
  8 hobgoblins
  8 jackals (D:5)
  3 quokkas
  A ball python (D:5)
  A ball python skeleton (D:4)
  2 frilled lizards
  11 kobolds
  5 rats
109 creatures vanquished.

Notes
Turn   | Place    | Note
-------+----------+-------------------------------------------
     0 | D:1      | PurpleRed the Minotaur Fighter began the quest for the Orb.
     0 | D:1      | Reached XP level 1. HP: 19/19 MP: 0/0
    79 | D:1      | Reached skill level 3 in Axes
    86 | D:1      | Reached XP level 2. HP: 27/27 MP: 1/1
   324 | D:2      | Found a shimmering altar of Xom.
   328 | D:2      | Found a stormy altar of Qazlal.
   558 | D:2      | Found Zin's Purification Station.
   561 | D:2      | Found a glowing silver altar of Zin.
   790 | D:2      | Reached XP level 3. HP: 29/33 MP: 2/2
   874 | D:3      | Noticed moogleknight's ghost (amateur OgAM)
   898 | D:3      | Killed moogleknight's ghost
   898 | D:3      | Reached skill level 5 in Fighting
   898 | D:3      | Reached skill level 5 in Axes
   898 | D:3      | Reached XP level 4. HP: 5/42 MP: 3/3
   898 | D:3      | Reached XP level 5. HP: 6/48 MP: 4/4
  1306 | D:3      | Reached skill level 6 in Axes
  1429 | D:3      | Noticed Natasha
  1438 | D:3      | Killed Natasha
  1485 | D:3      | Noticed Natasha
  1493 | D:3      | Killed Natasha
  1493 | D:3      | Reached XP level 6. HP: 30/56 MP: 5/5
  1526 | D:3      | Found a sparkling altar of Nemelex Xobeh.
  1739 | D:4      | Reached skill level 7 in Axes
  2140 | D:4      | Found a staircase to the Ecumenical Temple.
  2149 | Temple   | Entered the Ecumenical Temple
  2195 | Temple   | Became a worshipper of Makhleb the Destroyer
  2257 | D:4      | Found a white marble altar of Elyvilon.
  2344 | D:5      | Entered Level 5 of the Dungeon
  2364 | D:5      | Noticed Blork the orc
  2377 | D:5      | Killed Blork the orc
  2377 | D:5      | Reached XP level 7. HP: 59/63 MP: 6/6
  2572 | D:5      | Found a bloodstained altar of Trog.
  2628 | D:5      | Reached * piety under Makhleb
  2628 | D:5      | Reached skill level 8 in Axes
  2702 | D:5      | Reached skill level 5 in Armour
  2846 | D:5      | Reached XP level 8. HP: 65/73 MP: 7/7
  2859 | D:5      | Got a clouded wooden ring
  2865 | D:5      | Identified the ring of the Coward {Fire Str-5 Int+8 Slay+2} (You found it on level 5 of the Dungeon)
  2951 | D:5      | Found a bloodstained altar of Trog.
  3000 | D:7      | Found Neaxett's Food Boutique.
  3009 | D:7      | Reached skill level 9 in Axes
  3375 | D:8      | Noticed Psyche
  3393 | D:8      | Killed Psyche
  3450 | D:8      | Reached skill level 10 in Axes
  3530 | D:8      | Found a sacrificial altar of Ru.
  3592 | D:8      | Found an opulent altar of Gozag.
  3604 | D:8      | Noticed Maurice
  3619 | D:8      | Killed Maurice
  3719 | D:9      | Reached XP level 9. HP: 66/81 MP: 8/8
  3810 | D:9      | HP: 1/82 [electric eel/bolt of electricity (10)]
  3811 | D:9      | Killed from afar by an electric eel

Vault maps used:
D:1:      nicolae_arrival_memento_mori
D:2:      zin_purify, minitemple, first_bread, grunt_decor_cap
D:3:      nemelex_xobeh_ov_fountains_minmay, uniq_natasha
D:4:      elyvilon_altar_1
D:5:      lemuel_crystal_altar, trog_hazing_becter, uniq_blork_the_orc
D:6:      minmay_hedge_maze, nicolae_qazlal_style_of_elements
D:7:      wad_guarded_room, serial_shops, shop, minmay_misc_feat_enclosed,
          nicolae_ru_sacrificial_ziggurat, uniq_joseph, uniq_menkaure
D:8:      lemuel_doored_altar, old_standard_altar, uniq_maurice, uniq_psyche
D:9:      wad_river_or_something
Temple:   nicolae_temple_god_jail

Skill      XL: |  1  2  3  4  5  6  7  8 |
---------------+-------------------------+-----
Axes           | 3 5 6 7 8 10 | 10.7
Fighting       | 4 5 6 7 8 |  8.4
Armour         | 4 5 7 |  7.1
Shields        | |  3.6

Action                   |  1- 3 |  4- 6 |  7- 9 || total
-------------------------+-------+-------+-------++-------
Melee: War axe           |    68 |   117 |   154 ||   339
       Headbutt          |     9 |    22 |    29 ||    60
  Use: Scroll            |       |     9 |       ||     9
       Potion            |       |       |     3 ||     3
  Eat: Chunk             |       |     5 |     5 ||    10
Armor: Scale mail        |    30 |    37 |       ||    67
       Plate armour      |       |    21 |    95 ||   116
Dodge: Dodged            |    26 |    24 |    18 ||    68
Block: Shield            |    31 |    72 |    72 ||   175
